 Dungeon Crawl Stone Soup version 0.27.1-34-g3ba077fa99 (webtiles) character file.

Game seed: 17763237103982564789

17300 hawla the Transmogrifier (level 12, -11/97 HPs)
             Began as a Black Draconian Conjurer on Jan 6, 2022.
             Was a Priest of Ashenzari.
             Killed from afar by a gargoyle (17 damage)
             ... with a stone arrow
             ... on level 10 of the Dungeon on Jan 10, 2022.
             The game lasted 01:12:30 (19980 turns).

hawla the Transmogrifier (DrCj)                    Turns: 19980, Time: 01:12:31

Health: -11/97     AC: 11    Str: 10    XL:     12   Next: 17%
Magic:  3/29       EV: 13    Int: 29    God:    Ashenzari [***...]
Gold:   173        SH:  0    Dex: 15    Spells: 4/22 levels left

rFire    + + .     SeeInvis +   x - +9 lajatang of Desmomancy {vamp, Fort, Elem} (curse)
rCold    x . .     Faith    .   (shield currently unavailable)
rNeg     + . .     Spirit   .   (armour unavailable)
rPois    .         Reflect  .   (helmet restricted)
rElec    +         Harm     .   o - +0 cloak
rCorr    .         Rampage  .   C - +0 pair of gloves "Omniscient Irritation" {rN+ Dex+3 SInv, Melee, Fort} (curse)
Will     .....     Clarity  +   j - +0 pair of boots
Stlth    +++.......             (no amulet)
HPRegen  0.26/turn              m - ring "Behold Eternity" {Fire Int+7 Dex+3, Evo, Range} (curse)
MPRegen  0.21/turn              d - ring of magical power

@: no status effects
A: breathe lightning, AC +8, unfitting armour, electricity resistance,
cold-blooded, clarity, dopey 1, fire resistance 1
a: Breathe Lightning, Renounce Religion, Curse Item, Shatter the Chains


You were on level 10 of the Dungeon.
You worshipped Ashenzari.
Ashenzari was most pleased with you.
You visited 3 branches of the dungeon, and saw 14 of its levels.
You also visited: Ossuary.

You collected 621 gold pieces.
You spent 448 gold pieces at shops.

Inventory:

Hand Weapons
 x - the cursed +9 lajatang of Desmomancy (weapon) {vamp, Fort, Elem}
   (You acquired it on level 2 of the Lair of Beasts)

   It occasionally heals its wielder for a portion of the damage dealt when it
   wounds a living foe.
   It has a curse which improves the following skills: Fortitude: Shields.
   Elements:  Fire Magic, Ice Magic, Air Magic and Earth Magic.
Missiles
 e - 15 poisoned darts
 g - a curare-tipped dart
 h - 5 throwing nets
 p - 28 boomerangs (quivered)
 D - 5 javelins
 L - 7 boomerangs of dispersal
Armour
 j - a +0 pair of boots (worn)
 o - a +0 cloak (worn)
 C - the cursed +0 pair of gloves "Omniscient Irritation" (worn) {rN+ Dex+3 SInv, Melee, Fort}
   (You bought it in a shop on level 6 of the Dungeon)

   Dex:       It affects your dexterity (+3).
   rN:        It protects you from negative energy.
   SInv:      It lets you see invisible.
   It has a curse which improves the following skills: Melee Combat: Short
   Blades, Long Blades, Axes, Maces & Flails, Polearms, Staves and Unarmed
   Combat.
   Fortitude: Shields.
Jewellery
 d - a ring of magical power (right hand)
 k - a +4 ring of protection
 m - the cursed ring "Behold Eternity" (left hand) {Fire Int+7 Dex+3, Evo, Range}
   (You found it on level 4 of the Dungeon)

   [ring of fire]

   It enhances your fire magic.
   Int:       It affects your intelligence (+7).
   Dex:       It affects your dexterity (+3).
   rF:        It protects you from fire.
   rC:        It makes you vulnerable to cold.
   It has a curse which improves the following skills: Evocations: Evocations.
   Ranged Combat: Slings, Bows, Crossbows and Throwing.
 w - a +4 ring of evasion
 E - a +4 ring of protection
 H - a +4 ring of slaying
Wands
 a - a wand of flame (18)
 n - a wand of digging (7)
 q - a wand of charming (12)
 v - a wand of acid (2)
 y - a wand of paralysis (8)
 F - a wand of mindburst (24)
 J - a wand of iceblast (15)
Scrolls
 c - 6 scrolls of magic mapping
 f - 2 scrolls of teleportation
 i - a scroll of holy word
 l - a scroll of brand weapon
 r - 2 scrolls of enchant armour
 A - a scroll of fear
 K - 3 scrolls of blinking
Potions
 b - a potion of cancellation
 s - 3 potions of attraction
 t - 2 potions of heal wounds
 u - 2 potions of curing
 z - a potion of brilliance
 B - 4 potions of might
 G - 2 potions of lignification
 I - a potion of flight


   Skills:
 + Level 6.4 Fighting
 - Level 0.9(2.0) Staves
 - Level 1.4(2.7) Throwing
 - Level 3.0 Dodging
 - Level 4.0 Stealth
 + Level 5.7 Spellcasting
 - Level 8.0 Conjurations
 - Level 8.0 Translocations
 + Level 8.7 Transmutations
 - Level 6.0(7.9) Air Magic
 + Level 8.7 Poison Magic
 + Level 4.6(6.4) Evocations


You had 4 spell levels left.
You knew the following spells:

 Your Spells              Type           Power      Damage    Failure   Level
a - Magic Dart            Conj           100%       1d8       1%          1
b - Searing Ray           Conj           100%       3d7       1%          2
c - Iskenderun's Mystic   Conj/Tloc      53%        2d11      2%          4
d - Eringya's Noxious Bo  Tmut/Pois      28%        N/A       24%         6
e - Alistair's Intoxicat  Tmut/Pois      37%        N/A       4%          5

Your spell library contained the following spells:

 Spells                   Type           Power      Damage    Failure   Level
 Corpse Rot               Necr/Air       N/A        N/A       1%          2
 Passwall                 Tmut/Erth      28%        N/A       1%          2
 Wereblood                Tmut           56%        N/A       1%          2
 Swiftness                Air            53%        N/A       1%          3
 Dazzling Flash           Conj/Hex       62%        N/A       3%          3
 Sublimation of Blood     Necr           4%         N/A       9%          2
 Petrify                  Tmut/Erth      34%        N/A       9%          4
 Fulminant Prism          Conj/Hex       15%        3d11      11%         4
 Confusing Touch          Hex            8%         N/A       17%         3
 Dispel Undead            Necr           8%         3d8       50%         4
 Borgnjor's Vile Clutch   Necr/Erth      4%         N/A       83%         5
 Summon Mana Viper        Hex/Summ       8%         N/A       85%         5
 Death Channel            Necr           4%         N/A       100%        6
 Invisibility             Hex            4%         N/A       100%        6
 Summon Hydra             Summ           4%         N/A       100%        7


Dungeon Overview and Level Annotations

Branches:
Dungeon (10/15)            Temple (1/1) D:4            Lair (3/6) D:8
 Shoals (0/4) Lair:3       Spider (0/4) Lair:2      Ossuary (visited)
    Orc: D:9-12

Altars:
Ashenzari
Cheibriados
Dithmenos
Elyvilon
Fedhas
Gozag
Hepliaklqana
Kikubaaqudgha
Makhleb
Nemelex Xobeh
Okawaru
Qazlal
Ru
Sif Muna
Trog
Uskayaw
Vehumet
Wu Jian
Xom
Yredelemnul
Zin
The Shining One

Shops:
D:5 ?   D:6 [   D:8 *   D:9 *!*[

Annotations:
Lair:3 Nergalle


Innate Abilities, Weirdness & Mutations

You can breathe wild blasts of lightning.
Your glossy black scales are hard. (AC +8)
You cannot fit into any form of body armour.
You are resistant to electric shocks. (rElec)
You are cold-blooded and may be slowed by cold attacks.
You possess an exceptional clarity of mind.
You are dopey. (Int -2)
Your flesh is heat resistant. (rF+)


Message History

Casting: Iskenderun's Mystic Blast (dangerous; 2% risk of failure)
Confirm with . or Enter, or press ? or * to list all spells.
You erupt in a blast of force!
The mystic blast hits the gargoyle!
The gargoyle is severely damaged.
The gargoyle is knocked back by the mystic blast.
The gargoyle slams into the rock wall!
Unknown command.
Casting: Iskenderun's Mystic Blast (dangerous; 2% risk of failure)
Confirm with . or Enter, or press ? or * to list all spells.
You erupt in a blast of force!
The mystic blast hits the gargoyle but does no damage.
The gargoyle is almost destroyed.
The gargoyle hits you with a +0 morningstar!
Unknown command.
Casting: Iskenderun's Mystic Blast (dangerous; 2% risk of failure)
Confirm with . or Enter, or press ? or * to list all spells.
You erupt in a blast of force!
The mystic blast hits the gargoyle but does no damage.
The gargoyle is almost destroyed.
The gargoyle hits you with a +0 morningstar!
Unknown command.
Casting: Iskenderun's Mystic Blast (dangerous; 2% risk of failure)
Confirm with . or Enter, or press ? or * to list all spells.
You erupt in a blast of force!
The mystic blast hits the gargoyle.
The gargoyle is almost destroyed.
The gargoyle is knocked back by the mystic blast.
The gargoyle slams into the rock wall!
The gargoyle hits you with a +0 morningstar!!
* * * LOW HITPOINT WARNING * * *
Okay, then.
Okay, then.
Blink to where?
Press: ? - help, Dir - move target
As you read the scroll of blinking, it crumbles to dust.
The gargoyle hurls a stone arrow at you.
The stone arrow hits you!!
* * * LOW HITPOINT WARNING * * *
The gargoyle hurls a stone arrow at you.
The stone arrow hits you!
You die...

### ## #.. ,.# #.#
*.# * #.# *.# # . ,
#.###.#.#...
########.##9.......
,
#......@...........
,
#.###########...#..
, #.# *#.## ##.##
.# #...### *,#
#.#...## * , ,
#......#### , ,
##........#* , , *
, ##.##.##..#*,,,,
,,


You could see a gargoyle.

Vanquished Creatures
  A boulder beetle (D:8)
  A hydra (D:8)
  Erica (D:8)
  An oklob plant (Lair:2)
  2 black mambas
  2 komodo dragons
  5 cane toads
  2 rime drakes
  5 kobold demonologists (D:9)
  A merfolk (Lair:3)
  A troll (D:9)
  3 jumping spiders (Lair:2)
  A polar bear (Lair:3)
  A hornet (D:9)
  Grinder (D:5)
  A shadow (D:8)
  Sigmund (D:5)
  8 yaks
  A wyvern (Lair:1)
  3 fire bats (Lair:2)
  A basilisk (Lair:3)
  A steam dragon (D:8)
  2 swamp worms (D:8)
  2 acid dragons (D:10)
  5 water moccasins
  2 sky beasts (D:6)
  2 hornet zombies (Ossuary)
  A necrophage (D:6)
  3 orc warriors
  2 ice beasts
  8 wolves (Lair:2)
  2 ogres (D:5)
  2 centaurs
  A phantom (D:5)
  Blork the orc (D:5)
  3 kobold brigands (D:9)
  14 bullfrogs
  2 gnoll sergeants
  4 scorpions
  2 water moccasin zombies (Ossuary)
  4 wights (D:8)
  2 electric eels (Lair:2)
  10 bullfrog zombies (Ossuary)
  A jelly (D:8)
  6 centaur zombies
  A gnoll shaman (D:5)
  3 orc priests
  A hound (D:7)
  3 centaur skeletons
  7 mummies (Ossuary)
  Ijyb (D:5)
  3 iguanas
  8 orc wizards
  A killer bee zombie (Ossuary)
  3 howler monkey zombies
  23 gnolls
  5 adders
  A shadow imp (D:7)
  3 white imps
  3 adder skeletons (D:4)
  2 worms
  2 dart slugs
  19 orcs
  10 ball pythons
  9 bats
  8 endoplasms
  3 giant cockroaches
  8 goblins
  4 hobgoblins
  2 jackals (D:3)
  4 quokkas
  2 frilled lizards (D:2)
  13 kobolds
  3 rats
280 creatures vanquished.

Vanquished Creatures (others)
  An elephant (Lair:3)
  13 fungi
  19 plants
  2 withered plants (Ossuary)
35 creatures vanquished.

Grand Total: 315 creatures vanquished

Notes
Turn   | Place    | Note
-------+----------+-------------------------------------------
     0 | D:1      | hawla the Draconian Conjurer began the quest for the Orb.
     0 | D:1      | Reached XP level 1. HP: 14/14 MP: 3/3
   251 | D:2      | Reached skill level 1 in Fighting
   311 | D:2      | Reached XP level 2. HP: 20/23 MP: 0/5
   364 | D:2      | Learned a level 2 spell: Searing Ray
   600 | D:1      | Found a faded altar of an unknown god.
   763 | D:1      | Reached skill level 1 in Translocations
  1089 | D:2      | Reached XP level 3. HP: 28/28 MP: 4/6
  1763 | D:2      | Reached XP level 4. HP: 36/36 MP: 5/8
  1768 | D:2      | Learned a level 4 spell: Iskenderun's Mystic Blast
  3692 | D:4      | Found a staircase to the Ecumenical Temple.
  3710 | D:4      | Reached XP level 5. HP: 41/41 MP: 2/10
  3814 | Temple   | Entered the Ecumenical Temple
  4233 | Temple   | Became a worshipper of Ashenzari the Shackled
  4365 | D:4      | Gained mutation: You are dopey. (Int -2) [potion of
                  | mutation]
  4365 | D:4      | Gained mutation: You possess an exceptional clarity of
                  | mind. [potion of mutation]
  4365 | D:4      | Gained mutation: Your flesh is heat resistant. (rF+)
                  | [potion of mutation]
  4614 | D:4      | Identified the ring of Vehumet's Anger {Fire Int+7 Dex+3}
  4829 | D:5      | Entered Level 5 of the Dungeon
  4853 | D:5      | Noticed an ice beast
  5198 | D:3      | Killed an ice beast
  5199 | D:3      | Reached XP level 6. HP: 38/48 MP: 1/11
  5407 | D:5      | Noticed Ijyb
  5415 | D:5      | Killed Ijyb
  5512 | D:5      | Found Zicun's Magic Scroll Shoppe.
  5711 | D:5      | Noticed Grinder
  5717 | D:5      | Noticed Sigmund
  5751 | D:5      | Killed Sigmund
  5752 | D:5      | Reached skill level 5 in Conjurations
  5752 | D:5      | Your scales start taking on a glossy black colour.
  5752 | D:5      | Reached XP level 7. HP: 38/56 MP: 5/13
  5752 | D:5      | Gained mutation: You are resistant to electric shocks.
                  | (rElec) [Black Draconian growth]
  5897 | D:5      | Reached skill level 1 in Evocations
  6066 | D:5      | Paralysed by Grinder for 4 turns
  6084 | D:5      | Killed Grinder
  6085 | D:5      | Reached skill level 1 in Throwing
  6085 | D:5      | Reached skill level 1 in Air Magic
  6089 | D:5      | Learned a level 3 spell: Swiftness
  6362 | D:5      | Reached XP level 8. HP: 63/63 MP: 10/15
  6614 | D:5      | Noticed Blork the orc
  6621 | D:5      | Killed Blork the orc
  6978 | D:6      | Reached * piety under Ashenzari
  6980 | D:6      | Found a sand-covered staircase.
  7001 | Ossuary  | Entered an ossuary
  7375 | Ossuary  | Reached skill level 5 in Air Magic
  7527 | Ossuary  | Reached XP level 9. HP: 64/69 MP: 7/16
  7792 | Ossuary  | Reached skill level 5 in Translocations
  8448 | D:6      | Found Poclaf Paun's Antique Armour Boutique.
  8466 | D:6      | Bought a pair of masterwork gloves for 256 gold pieces
  8466 | D:6      | Identified the +0 pair of gloves "Ejusm" {rN+ Dex+3 SInv}
                  | (You bought it in a shop on level 6 of the Dungeon)
  8597 | D:6      | Reached ** piety under Ashenzari
  9184 | D:7      | Identified Sif Muna's Compendium of Shifting Malediction
 10076 | D:7      | Learned a level 5 spell: Alistair's Intoxication
 10332 | D:8      | Noticed a boulder beetle
 10334 | D:8      | Found a staircase to the Lair.
 10346 | D:8      | Noticed Erica
 10360 | D:8      | Killed Erica
 10361 | D:8      | Reached skill level 5 in Spellcasting
 10361 | D:8      | Reached skill level 1 in Poison Magic
 10361 | D:8      | Reached XP level 10. HP: 49/78 MP: 11/17
 10655 | D:8      | Noticed a four-headed hydra
 10663 | D:8      | Killed a four-headed hydra
 11227 | D:8      | Found Balyngu's Assorted Antiques.
 11663 | D:8      | Reached skill level 5 in Transmutations
 11667 | D:8      | Reached skill level 5 in Poison Magic
 12374 | Lair:1   | Entered Level 1 of the Lair of Beasts
 12393 | Lair:1   | Reached *** piety under Ashenzari
 12655 | Lair:1   | Noticed a cane toad
 12656 | Lair:1   | Noticed a black mamba
 12665 | Lair:1   | Killed a cane toad
 12670 | Lair:1   | Killed a black mamba
 13199 | Lair:1   | Reached XP level 11. HP: 84/84 MP: 18/18
 13601 | Lair:1   | Identified a scroll of acquirement
 14144 | Lair:2   | Noticed an oklob plant
 14160 | Lair:2   | Killed an oklob plant
 14607 | Lair:2   | Found a hole to the Spider Nest.
 15121 | Lair:2   | Learned a level 6 spell: Eringya's Noxious Bog
 15221 | Lair:2   | Acquired a +4 vampiric lajatang
 16113 | Lair:3   | Reached skill level 5 in Fighting
 16516 | Lair:3   | Noticed Nergalle
 16522 | Lair:3   | Found a staircase to the Shoals.
 17603 | D:8      | Killed a boulder beetle
 18437 | D:9      | Noticed a sun demon
 18461 | D:9      | Reached XP level 12. HP: 27/96 MP: 6/20
 18740 | D:9      | Found a basalt altar of Yredelemnul.
 18777 | D:9      | Found Ezob's Antique Armour Shop.
 18932 | D:9      | Bought an embroidered scarf for 192 gold pieces
 18977 | D:9      | Found Qodeoxyi's Assorted Antiques.
 18998 | D:9      | Found Itotua's General Store.
 19084 | D:9      | Found Souhaf's Distillery.
 19524 | D:10     | Entered Level 10 of the Dungeon
 19980 | D:10     | Killed from afar by a gargoyle

Illustrated notes

Levels and vault maps discovered:
D:1:      eino_arrival_cavern_a, layout_rooms,
          hellmonk_ecumenical_altar_arch_garden
D:2:      layout_basic, minmay_tall_x
D:3:      layout_loops_cross
D:4:      layout_loops_ring, minmay_temple_entry_sparse_star
D:5:      layout_loops_ring, serial_shops, nicolae_shop_behind_doors,
          minmay_tree_intersection, serial_bayou_pond_e, uniq_ijyb,
          uniq_blork_the_orc, uniq_grinder, uniq_sigmund
D:6:      layout_cave_pods, serial_shops, nicolae_shop_waterfront,
          lightli_ossuary_entry_decrepit_ruins
D:7:      layout_loops_corners
D:8:      layout_cave_pods, dpeg_oklobed_lair, serial_shops,
          nicolae_lakefront_shop, worms_lemuel, uniq_erica
D:9:      layout_loops_cross, lemuel_zombie_altar_yredelemnul, serial_shops,
          kennysheep_mini, shop, shop, shop
D:10:     layout_loops_corners, chequers_garden, minmay_holes, uniq_sonja,
          uniq_josephine
Temple:   compressed_dpeg_triangle_lava_temple
Lair:1:   layout_loops_ring, chequers_serial_rivers_small_3
Lair:2:   layout_gridlike, spider_nest_entry_funnel_web,
          chequers_serial_rivers_micro_e, minmay_lair_oklob_bushes
Lair:3:   layout_gridlike, elwin_shoals_entry_rooms, uniq_nergalle

Skill      XL: |  1  2  3  4  5  6  7  8  9 10 11 |
---------------+----------------------------------+-----
Stealth        | 2 3 4 |  4.0
Dodging        | 2 3 |  3.0
Fighting       | 1 2 3 4 6 |  6.4
Translocations | 1 2 4 8 |  8.0
Spellcasting   | 3 4 5 |  5.7
Conjurations   | 5 7 8 |  8.0
Evocations     | 1 4 |  4.6
Throwing       | 1 |  1.4
Air Magic      | 2 5 6 |  6.0
Transmutations | 2 6 8 |  8.7
Poison Magic   | 1 6 8 |  8.7
Staves         | |  0.9

Action                   |  1- 3 |  4- 6 |  7- 9 | 10-12 || total
-------------------------+-------+-------+-------+-------++-------
Melee: Unarmed           |     8 |       |       |       ||     8
       Staff             |    28 |    15 |   122 |   110 ||   275
       Tailslap          |     2 |     1 |    13 |    17 ||    33
       Punch             |       |       |       |     1 ||     1
       Lajatang          |       |       |       |    60 ||    60
Throw: Boomerang         |       |       |     5 |     9 ||    14
 Cast: Magic Dart        |    42 |    23 |    19 |     4 ||    88
       Searing Ray       |    12 |    38 |    74 |    56 ||   180
       Iskenderun's Myst |       |     5 |    16 |    84 ||   105
       Swiftness         |       |       |       |     1 ||     1
       Eringya's Noxious |       |       |       |     4 ||     4
Invok: Curse Item        |       |       |     3 |     2 ||     5
       Shatter the Chain |       |       |       |     2 ||     2
 Abil: Breathe Lightning |       |       |       |     1 ||     1
Evoke: Wand              |       |     6 |     8 |     5 ||    19
  Use: Scroll            |     3 |     4 |     1 |    12 ||    20
       Potion            |       |     3 |     2 |     2 ||     7
 Stab: Sleeping          |       |       |     6 |     5 ||    11
       Distracted        |       |       |     1 |       ||     1
Armor: Skin              |    43 |    23 |    54 |    97 ||   217
Dodge: Dodged            |    43 |    42 |   201 |   273 ||   559
